 Dungeon Crawl Stone Soup version 0.19.1 (webtiles) character file.

64 CanadianGator the Chopper (level 4, -4/40 HPs)
             Began as a Hill Orc Berserker on Dec 2, 2016.
             Was a Believer of Trog.
             Slain by an orc
             ... wielding a +0 flail
              (5 damage)
             ... on level 3 of the Dungeon.
             The game lasted 00:03:09 (1792 turns).

CanadianGator the Chopper (Hill Orc Berserker)      Turns: 1792, Time: 00:03:10

Health: -4/40      AC:  2    Str: 20    XL:     4   Next: 12%
Magic:  4/4        EV: 12    Int:  7    God:    Trog [**....]
Gold:   84         SH:  0    Dex: 10    Spells: 0 memorised, 3 levels left

rFire  . . .     SeeInvis .     a - +0 hand axe
rCold  . . .     Gourm    .     b - +0 animal skin
rNeg   . . .     Faith    .     (no shield)
rPois  .         Spirit   .     (no helmet)
rElec  .         Reflect  .     (no cloak)
rCorr  +         Harm     .     (no gloves)
MR     ++...                    (no boots)
Stlth  ..........               l - amulet of regeneration
                                s - ring of resist corrosion
                                n - ring of loudness (curse)

@: regenerating
A: no striking features
a: Berserk, Trog's Hand, Burn Spellbooks, Renounce Religion


You were on level 3 of the Dungeon.
You worshipped Trog.
Trog was pleased with you.
You were not hungry.

You visited 1 branch of the dungeon, and saw 3 of its levels.

You collected 84 gold pieces.

Inventory:

Hand Weapons
 a - a +0 hand axe (weapon)
Armour
 b - a +0 animal skin (worn)
Jewellery
 l - an amulet of regeneration (around neck)
 n - a cursed ring of loudness (left hand)
 o - an uncursed ring of ice
 s - a ring of resist corrosion (right hand)
Scrolls
 d - 4 scrolls of identify {unknown}
 e - a scroll of blinking {unknown}
 i - 5 scrolls of remove curse {unknown}
 j - 2 scrolls of recharging {unknown}
 k - a scroll of amnesia {unknown}
 p - 2 scrolls of fear {unknown}
 r - a scroll of noise {unknown}
Potions
 f - 2 potions of heal wounds {unknown}
 h - 3 potions of flight {unknown}
 m - a potion of resistance {unknown}
 q - a potion of ambrosia {unknown}
 t - a potion of cure mutation {unknown}
Comestibles
 c - 4 bread rations
 g - a meat ration


   Skills:
 + Level 3.9 Fighting
 * Level 5.2 Axes
 + Level 2.5 Armour
 + Level 2.3 Dodging


You had 3 spell levels left.
You didn't know any spells.

Dungeon Overview and Level Annotations

Branches:
Dungeon (3/15)

Altars:
Makhleb


Message History

You hit the orc. You barely miss something. You hit the orc.
Something hits you. The orc barely misses you. The orc misses you.
The orc hits you with a flail.
You hit the orc but do no damage.
The orc is almost dead.
You hit the orc but do no damage. You barely miss something.
You hit the orc but do no damage. Something hits you.
The orc hits you with a whip.
* * * LOW HITPOINT WARNING * * *
The orc hits you with a hand axe of chopping.
* * * LOW HITPOINT WARNING * * *
x2 Your skin crawls.
You feel resistant to hostile enchantments.
You feel somewhat more hungry.
You hear some strange, mumbled words.
A magic dart appears from out of thin air!
The magic dart hits you!
* * * LOW HITPOINT WARNING * * *
The orc hits you with a flail.
You die...

#.##########.#
..........#
#####....#
#....# #..### #
#..# .#####
#..###$.....
#....o......
#...@.......
.....!.oo......
..###.#....)....
#...........
###.........
#.........
#.........
#.........


You could see 3 orcs.

Vanquished Creatures
  2 adders (D:2)
  2 oozes
  A worm (D:2)
  2 dart slugs
  2 leopard geckos
  A goblin (D:1)
  10 bats
  5 frilled lizards
  6 kobolds
  6 rats
37 creatures vanquished.

Notes
Turn   | Place    | Note
-------+----------+-------------------------------------------
     0 | D:1      | CanadianGator the Hill Orc Berserker began the quest for the Orb.
     0 | D:1      | Reached XP level 1. HP: 19/19 MP: 1/1
   196 | D:1      | Reached XP level 2. HP: 16/27 MP: 2/2
   889 | D:2      | Reached XP level 3. HP: 12/33 MP: 3/3
  1154 | D:2      | Reached ** piety under Trog
  1241 | D:2      | Found a burning altar of Makhleb.
  1268 | D:2      | Reached skill level 5 in Axes
  1464 | D:2      | Reached XP level 4. HP: 24/40 MP: 4/4
  1792 | D:3      | HP: 1/40 [something/magic dart (4)]
  1792 | D:3      | Slain by an orc

Skill      XL: |  1  2  3 |
---------------+----------+-----
Dodging        | 2 |  2.3
Axes           | 5 |  5.2
Fighting       | |  3.9
Armour         | |  2.5

Action                   |  1- 3 |  4- 6 || total
-------------------------+-------+-------++-------
Melee: Hand axe          |   100 |    30 ||   130
Invok: Trog's Hand       |       |     1 ||     1
  Eat: Meat ration       |       |     1 ||     1
Armor: Animal skin       |    25 |     7 ||    32
Dodge: Dodged            |    63 |    27 ||    90
